 Dungeon Crawl Stone Soup version 0.24.0-10-g970556be89 (webtiles) character file.

Game seed: 7065025058622089012, levelgen mode: deterministic

14593 GordonOverkill the Thaumaturge (level 11, 0/89 HPs)
             Began as a Mummy Fire Elementalist on Nov 3, 2019.
             Was an Initiate of Gozag.
             Slain by a seven-headed hydra (8 damage)
             ... on level 1 of the Lair of Beasts.
             The game lasted 00:55:23 (18855 turns).

GordonOverkill the Thaumaturge (MuFE)              Turns: 18855, Time: 00:55:24

Health: 0/89       AC:  8    Str: 11    XL:     11   Next: 90%
Magic:  41/41      EV: 15    Int: 21    God:    Gozag
Gold:   1226       SH:  0    Dex: 16    Spells: 20/33 levels left

rFire    x . .     SeeInvis .   i - staff of power
rCold    + . .     Gourm    .   (no shield)
rNeg     + + +     Faith    .   q - +1 robe {MR+}
rPois    ∞         Spirit   .   l - +0 helmet
rElec    .         Reflect  .   (no cloak)
rCorr    .         Harm     .   g - +0 pair of gloves
MR       ++...                  b - +2 pair of boots
Stlth    ++........             (no amulet)
HPRegen  0.24/turn              d - +4 ring of intelligence
MPRegen  0.27/turn              v - +2 ring of dexterity

@: no status effects
A: no food or potions, fire vulnerability, cold resistance 1, negative energy
resistance 3, torment resistance, unbreathing
a: Potion Petition, Call Merchant, Bribe Branch, Renounce Religion


You were on level 1 of the Lair of Beasts.
You worshipped Gozag.
Gozag was most pleased with you.
You were not hungry.

You visited 3 branches of the dungeon, and saw 13 of its levels.

You collected 1491 gold pieces.
You paid 265 gold pieces to Gozag.

Inventory:

Hand Weapons
 k - a +1 hand axe of electrocution
 m - a +0 dagger of venom
 t - a +7 eveningstar
 y - a +2 flail of protection
Missiles
 a - 11 javelins
 c - 304 stones
 h - 20 sling bullets
 j - 48 poisoned darts (quivered)
 A - 18 boomerangs
Armour
 b - a +2 pair of boots (worn)
 g - a +0 pair of gloves (worn)
 l - a +0 helmet (worn)
 q - a +1 robe of magic resistance (worn)
Magical Staves
 i - an uncursed staff of power (weapon)
 B - an uncursed staff of air
Jewellery
 d - a +4 ring of intelligence (left hand)
 e - an uncursed amulet of regeneration
 v - a +2 ring of dexterity (right hand)
Wands
 x - a wand of acid (7)
 z - a wand of paralysis (23)
 C - a wand of flame (18)
 D - a wand of digging (7)
Scrolls
 f - 7 scrolls of remove curse
 n - a scroll of amnesia
 o - a scroll of fog
 p - 2 scrolls of identify
 r - 2 scrolls of brand weapon
 s - a scroll of enchant armour
 u - 2 scrolls of immolation
 w - a scroll of teleportation


   Skills:
 - Level 9.0 Fighting
 - Level 5.0 Dodging
 - Level 1.5 Stealth
 + Level 11.5 Spellcasting
 - Level 7.0 Conjurations
   Level 3.0 Necromancy
 - Level 7.0 Fire Magic
 - Level 5.0 Evocations


You had 20 spell levels left.
You knew the following spells:

 Your Spells              Type           Power        Failure   Level  Hunger
a - Flame Tongue          Conj/Fire      #####        1%          1    N/A
b - Conjure Flame         Conj/Fire      #####...     1%          3    N/A
c - Sticky Flame          Conj/Fire      #####...     3%          4    N/A
d - Fireball              Conj/Fire      #####.....   9%          5    N/A

Your spell library contained the following spells:

 Spells                   Type           Power        Failure   Level  Hunger
 Animate Skeleton         Necr           N/A          1%          1    N/A
 Throw Flame              Conj/Fire      #####.       1%          2    N/A
 Inner Flame              Hex/Fire       ####....     4%          3    N/A
 Apportation              Tloc           ##....       5%          1    N/A
 Confusing Touch          Hex            ##....       5%          1    N/A
 Summon Small Mammal      Summ           ##..         5%          1    N/A

Dungeon Overview and Level Annotations

Branches:
Dungeon (11/15)            Temple (1/1) D:6            Lair (1/6) D:11
    Orc: D:9-12

Altars:
Ashenzari
Cheibriados
Dithmenos
Elyvilon
Fedhas
Gozag
Hepliaklqana
Kikubaaqudgha
Makhleb
Nemelex Xobeh
Okawaru
Qazlal
Ru
Sif Muna
Trog
Uskayaw
Vehumet
Wu Jian
Xom
Yredelemnul
Zin
The Shining One

Shops:
D:4 :

Annotations:
D:11 1 runed translucent door, hofbold's ghost, novice DgSu


Innate Abilities, Weirdness & Mutations

You do not eat or drink.
Your flesh is vulnerable to fire.
You are immune to poison.
Your flesh is cold resistant. (rC+)
You are immune to negative energy. (rN+++)
You are immune to unholy pain and torment.
You can survive without breathing.


Message History

The seven-headed hydra bites you!
* * * LOW HITPOINT WARNING * * *
The seven-headed hydra bites you!
* * * LOW HITPOINT WARNING * * *
The seven-headed hydra bites you!
* * * LOW HITPOINT WARNING * * *
The seven-headed hydra bites you.
* * * LOW HITPOINT WARNING * * *
The seven-headed hydra bites you!
* * * LOW HITPOINT WARNING * * *
There is a staircase back to the Dungeon here.
The seven-headed hydra barely misses you.
The seven-headed hydra bites you but does no damage.
The seven-headed hydra misses you. The seven-headed hydra bites you.
* * * LOW HITPOINT WARNING * * *
The seven-headed hydra bites you!
* * * LOW HITPOINT WARNING * * *
The seven-headed hydra bites you!
You die...
Your body crumbles into a pile of gold.

#.......#.+........+..._..
#...... ##.........#......
#...... ###...P#####..... #P##PP#
###..# ###... # #..# ##.## #..##
### ##.## #..## ##### ##
#.######+.#########..# #
.####...........#D#.#.#..# #
.##.'...........@<.......###
.#..#...........###..##....######
.'.##...........# ######.#......#
.####...........# ##.#.##.... ##
#...........# #...######. #
#............# ##.## ## #
####.###.###### #.# # ###.# #.#
### #.# ...# ... ###+##


You could see a seven-headed hydra.

Vanquished Creatures
  A hydra (D:9)
  5 two-headed ogres
  Urug (D:11)
  An unseen horror (D:7)
  A cyclops (D:7)
  2 polar bears (D:10)
  3 hippogriffs
  A shadow (D:11)
  A wyvern (D:8)
  15 yaks
  2 hungry ghosts
  2 water moccasins
  3 orc warriors
  4 sky beasts
  2 black bears
  A necrophage (D:7)
  2 ice beasts
  6 ogres
  2 phantoms
  3 wolves (D:10)
  8 centaurs
  A crocodile (D:8)
  A big kobold (D:11)
  4 bullfrogs
  3 scorpions
  4 killer bees (D:8)
  8 wights
  2 electric eels
  5 crimson imps
  2 howler monkeys
  A bullfrog zombie (D:9)
  4 jellies
  5 hounds
  6 orc priests
  An iron imp (D:9)
  6 orc wizards
  2 centaur skeletons
  A gnoll shaman (D:10)
  4 iguanas
  2 worker ants
  A killer bee zombie (D:7)
  A centaur simulacrum (D:10)
  2 hound skeletons
  3 worker ant zombies
  5 gnolls
  2 howler monkey skeletons
  4 adders
  4 shadow imps
  A white imp (D:10)
  2 worker ant simulacra (D:10)
  An ufetubus (D:10)
  2 oozes
  4 adder skeletons
  4 adder zombies
  2 worms
  A dart slug (D:5)
  7 leopard geckos
  36 orcs
  2 ball pythons
  3 giant cockroaches
  11 goblins
  11 hobgoblins
  8 jackals
  11 kobolds
  8 quokkas
  5 bats
  8 frilled lizards
  3 leopard gecko skeletons
  A quokka simulacrum (D:10)
  2 quokka zombies
  7 rats
290 creatures vanquished.

Vanquished Creatures (collateral kills)
  A jelly (D:10)
1 creature vanquished.

Vanquished Creatures (others)
  3 plants (D:11)
3 creatures vanquished.

Grand Total: 294 creatures vanquished

Notes
Turn   | Place    | Note
-------+----------+-------------------------------------------
     0 | D:1      | GordonOverkill the Mummy Fire Elementalist began the quest
                  | for the Orb.
     0 | D:1      | Reached XP level 1. HP: 13/13 MP: 4/4
   202 | D:1      | Reached skill level 1 in Conjurations
   255 | D:1      | Reached XP level 2. HP: 19/19 MP: 5/5
   391 | D:1      | Reached skill level 3 in Spellcasting
  1188 | D:2      | Reached XP level 3. HP: 19/24 MP: 1/7
  1829 | D:2      | Learned a level 3 spell: Conjure Flame
  2888 | D:3      | Reached XP level 4. HP: 29/30 MP: 4/8
  2947 | D:3      | Found a shimmering blue altar of Sif Muna.
  3587 | D:3      | Reached XP level 5. HP: 34/35 MP: 6/9
  3994 | D:3      | Learned a level 4 spell: Sticky Flame
  4372 | D:4      | Reached skill level 1 in Fighting
  4572 | D:4      | Reached XP level 6. HP: 32/43 MP: 0/11
  4932 | D:4      | Found Teunomao's Book Shoppe.
  5147 | D:4      | Found a glowing silver altar of Zin.
  5219 | D:5      | Entered Level 5 of the Dungeon
  5248 | D:5      | Reached skill level 4 in Spellcasting
  5560 | D:5      | Found a radiant altar of Vehumet.
  6045 | D:5      | Reached XP level 7. HP: 51/51 MP: 1/13
  6477 | D:6      | Noticed a hungry ghost
  6521 | D:6      | Reached skill level 5 in Spellcasting
  6674 | D:6      | Killed a hungry ghost
  6674 | D:6      | Reached skill level 1 in Evocations
  6912 | D:6      | Reached XP level 8. HP: 60/60 MP: 11/16
  7030 | D:6      | Found an iron altar of Okawaru.
  7147 | D:6      | Reached skill level 6 in Spellcasting
  7193 | D:6      | Learned a level 5 spell: Fireball
  7382 | D:6      | Found a staircase to the Ecumenical Temple.
  7390 | Temple   | Entered the Ecumenical Temple
  8369 | D:7      | Reached skill level 7 in Spellcasting
  8443 | D:7      | Found an opulent altar of Gozag.
  8453 | D:7      | Found a transporter.
  8474 | D:7      | Reached skill level 5 in Conjurations
  8479 | D:7      | Reached skill level 5 in Fire Magic
  9043 | D:7      | Found a transporter.
  9043 | D:7      | You fall into a shaft and drop 3 floors!
  9043 | D:10     | Entered Level 10 of the Dungeon
  9051 | D:10     | Noticed a hippogriff
  9055 | D:10     | Killed a hippogriff
  9055 | D:10     | Reached XP level 9. HP: 46/66 MP: 10/20
  9143 | D:10     | Noticed a two-headed ogre
  9186 | D:10     | Killed a two-headed ogre
  9287 | D:10     | Noticed a two-headed ogre
  9327 | D:10     | Killed a two-headed ogre
  9327 | D:10     | Reached skill level 5 in Fighting
  9327 | D:10     | Reached skill level 8 in Spellcasting
  9771 | D:10     | Noticed a polar bear
  9780 | D:10     | Killed a polar bear
  9780 | D:10     | Reached skill level 9 in Spellcasting
  9910 | D:10     | Reached XP level 10. HP: 76/76 MP: 18/23
  9940 | D:10     | Learned a level 1 spell: Animate Skeleton
 10012 | D:9      | Found a snail-covered altar of Cheibriados.
 11315 | D:8      | Noticed a two-headed ogre
 11332 | D:8      | Killed a two-headed ogre
 11332 | D:8      | Reached skill level 5 in Evocations
 12067 | D:7      | Found a basalt altar of Yredelemnul.
 12068 | D:7      | Found a radiant altar of Vehumet.
 12132 | D:7      | Noticed a cyclops
 12139 | D:7      | Killed a cyclops
 12139 | D:7      | Reached skill level 1 in Necromancy
 12629 | D:7      | Noticed an unseen horror
 13056 | D:7      | Killed an unseen horror
 13356 | D:7      | Reached XP level 11. HP: 85/85 MP: 20/24
 13449 | D:7      | Became a worshipper of Gozag Ym Sagoz the Greedy
 14287 | D:9      | Reached skill level 5 in Dodging
 14361 | D:9      | Noticed a five-headed hydra
 14362 | D:9      | Noticed a two-headed ogre
 14380 | D:9      | Killed a five-headed hydra
 14615 | D:9      | Killed a two-headed ogre
 14615 | D:9      | Reached skill level 10 in Spellcasting
 16186 | D:11     | Noticed Urug
 16208 | D:11     | Found a runed translucent door.
 16209 | D:11     | Found a shimmering altar of Xom.
 16209 | D:11     | Noticed hofbold's ghost (novice DgSu)
 16212 | D:11     | Noticed a +0 broad axe of chaos
 16292 | D:11     | Noticed a two-headed ogre
 16312 | D:11     | Killed a two-headed ogre
 16438 | D:11     | Found a staircase to the Lair.
 16468 | D:11     | Killed Urug
 17783 | Lair:1   | Entered Level 1 of the Lair of Beasts
 17911 | Lair:1   | Found a glowing golden altar of the Shining One.
 17934 | Lair:1   | Reached skill level 11 in Spellcasting
 18435 | Lair:1   | Noticed a seven-headed hydra
 18486 | Lair:1   | HP: 1/89 [seven-headed hydra (10)]
 18855 | Lair:1   | Slain by a seven-headed hydra

Levels and vault maps discovered:
D:1:      kilobyte_arrival_exit_the_forest, layout_loops_ring
D:2:      layout_loops_cross, serial_glass, glass_columns_b, glass_columns_a,
          glass_columns_a, glass_columns_a, glass_columns_b, glass_columns_a,
          first_ration, minmay_hedge_maze
D:3:      layout_basic, nicolae_overflow_hidden_temple
D:4:      layout_rooms, zin_treasury, serial_shops, nicolae_shop_waterfront
D:5:      layout_loops_cross, vehumet_altar_wand_db
D:6:      layout_basic, minmay_temple_entry_arrows, okawaru_altar_gauntlet_db
D:7:      layout_basic, gammafunk_temple_overflow_arena,
          gammafunk_temple_overflow_statue
D:8:      layout_layer_cave
D:9:      layout_irregular_city, slow_altar_1
D:10:     layout_gridville, serial_ice, serial_ice_j, serial_ice_f,
          serial_ice_o, serial_ice_d
D:11:     layout_basic, dpeg_oklobed_lair, gauntlet_entry_generic,
          ebering_ghost_xom, blue_anna_alchemist [blue_anna_fruit_fields,
          blue_anna_fruit_fields], water_maze_lemuel, uniq_urug
Temple:   eino_temple_rhombus
Lair:1:   layout_roguey, basic_altar

Skill      XL: |  1  2  3  4  5  6  7  8  9 10 11 |
---------------+----------------------------------+-----
Conjurations   | 1 2 3 4 5 6 7 |  7.0
Spellcasting   | 3 4 5 7 9 11 | 11.5
Dodging        | 2 3 4 5 |  5.0
Fire Magic     | 3 4 5 6 7 |  7.0
Fighting       | 1 2 4 6 7 9 |  9.0
Evocations     | 1 2 4 5 |  5.0
Necromancy     | 2 3 |  3.0
Stealth        | |  1.5

Action                   |  1- 3 |  4- 6 |  7- 9 | 10-12 || total
-------------------------+-------+-------+-------+-------++-------
Melee: Spear             |    19 |       |       |       ||    19
       Hand axe          |       |     7 |    38 |    84 ||   129
       Staff             |       |       |       |    12 ||    12
       Flail             |       |       |       |     8 ||     8
Throw: Stone             |    64 |     3 |    17 |       ||    84
       Dart              |    18 |    82 |    29 |    72 ||   201
       Javelin           |       |     8 |    37 |       ||    45
 Cast: Flame Tongue      |    81 |   114 |   105 |   207 ||   507
       Conjure Flame     |     1 |     7 |    10 |    18 ||    36
       Sticky Flame      |       |     2 |    24 |    82 ||   108
       Animate Skeleton  |       |       |       |     8 ||     8
       Fireball          |       |       |       |    12 ||    12
Evoke: Wand              |       |       |     6 |     3 ||     9
  Use: Scroll            |       |       |     8 |    14 ||    22
 Stab: Paralysed         |       |       |       |    13 ||    13
       Distracted        |       |       |       |     1 ||     1
Armor: Robe              |     7 |    17 |    14 |    42 ||    80
Dodge: Dodged            |    25 |    41 |    40 |   206 ||   312
